 Seeded DCSS version 0.29-a0-418-gc0181ea820 (webtiles) character file.

Game seed: 3455970914219774044 (custom seed)

88 bwicke the Stinger (level 4, -4/27 HPs)
             Began as an Octopode Venom Mage on May 18, 2022.
             Slain by an ogre
             ... wielding a +0 giant club
              (15 damage)
             ... on level 5 of the Dungeon.
             The game lasted 00:12:45 (3124 turns).

bwicke the Stinger (Octopode Venom Mage)            Turns: 3124, Time: 00:12:45

Health: -4/27      AC:  1    Str:  7    XL:     4   Next: 54%
Magic:  2/7        EV: 13    Int: 19    God:
Gold:   110        SH:  0    Dex: 12    Spells: 1/7 levels left

rFire   . . .      SeeInvis .   q - +0 long sword
rCold   . . .      Faith    .   (no shield)
rNeg    . . .      Spirit   .   (helmet restricted)
rPois   .          Reflect  .   (no amulet)
rElec   .          Harm     .   (no ring)
rCorr   .          Rampage  .   (no ring)
Will    .....                   (no ring)
Stlth   +++.......              (no ring)
HPRegen 0.09/turn               (no ring)
MPRegen 0.10/turn               (no ring)
                                (no ring)
                                (no ring)

@: no status effects
A: almost no armour, amphibious, 8 rings, camouflage 1, gelatinous body 1,
(nimble swimmer 1), tentacles
a: no special abilities


You were on level 5 of the Dungeon.
You visited 1 branch of the dungeon, and saw 5 of its levels.

You collected 110 gold pieces.

Inventory:

Hand Weapons
 c - a +0 spear
 d - a +0 dagger
 h - a +0 whip
 j - a +0 short sword
 m - a +0 war axe
 q - a +0 long sword (weapon)
Missiles
 b - 65 stones
Scrolls
 e - 2 scrolls of noise
 f - a scroll of poison
 i - a scroll of torment {unknown}
 k - 2 scrolls of brand weapon
 n - a scroll of fear {unknown}
 p - a scroll of blinking
Potions
 a - 2 potions of magic
 g - 5 potions of curing {unknown}
 l - a potion of mutation {unknown}
 o - a potion of heal wounds {unknown}


   Skills:
 - Level 2.0 Dodging
 - Level 2.6 Stealth
 - Level 2.0 Spellcasting
 - Level 1.0 Transmutations
 + Level 6.2 Poison Magic


You had one spell level left.
You knew the following spells:

 Your Spells              Type           Power      Damage    Failure   Level
a - Sting                 Tmut/Pois      60%        1d6       3%          1
b - Poisonous Vapours     Pois/Air       26%        N/A       7%          2
c - Ignite Poison         Fire/Tmut/Pois 11%        N/A       19%         3

Your spell library contained the following spells:

 Spells                   Type           Power      Damage    Failure   Level
 Beastly Appendage        Tmut           10%        N/A       11%         1
 Spider Form              Tmut/Pois      15%        N/A       12%         3
 Olgreb's Toxic Radiance  Pois           25%        N/A       13%         4
 Wereblood                Tmut           5%         N/A       17%         2
 Mephitic Cloud           Conj/Pois/Air  9%         N/A       22%         3
 Call Canine Familiar     Summ           1%         N/A       45%         3
 Conjure Flame            Conj/Fire      1%         6-21      45%         3
 Dazzling Flash           Conj/Hex       2%         N/A       45%         3
 Ozocubu's Armour         Ice            1%         N/A       45%         3
 Portal Projectile        Hex/Tloc       2%         N/A       45%         3
 Leda's Liquefaction      Hex/Erth       0%         N/A       86%         4
 Sticky Flame             Conj/Fire      1%         2d3       86%         4
 Agony                    Necr           1%         N/A       99%         5
 Silence                  Hex/Air        0%         N/A       99%         5
 Ozocubu's Refrigeration  Ice            0%         4d5       100%        7


Dungeon Overview and Level Annotations

Branches:
Dungeon (5/15)
 Temple: D:4-7

Altars:
Elyvilon

Shops:
D:3 =


Innate Abilities, Weirdness & Mutations

You cannot wear most types of armour.
You are amphibious.
You can wear up to eight rings at the same time.
Your skin changes colour to match your surroundings (Stealth+).
Your rubbery body absorbs attacks. (AC +1, EV +1)
((You are camouflaged when in or above water. (Stealth+)))
You have tentacles for arms and can constrict up to eight enemies at once.


Message History

Aiming: Poisonous Vapours (safe; 7% risk of failure)
Press: ? - help, Dir - move target, f - ogre
Aim: an ogre, wielding a +0 giant club (asleep) Poisonous vapours surround the ogre!
The ogre is poisoned.
Casting: Poisonous Vapours (safe; 7% risk of failure)
Confirm with . or Enter, or press ? or * to list all spells.
Aiming: Poisonous Vapours (safe; 7% risk of failure)
Press: ? - help, Dir - move target, f/p - ogre
Aim: an ogre, wielding a +0 giant club (lightly wounded, poisoned) Poisonous vapours surround the ogre!
The ogre looks even sicker.
Aiming: Sting (safe; 3% risk of failure)
Press: ? - help, Q - select action, (/) - cycle Shift-Dir - straight line, f - you, p - ogre
Okay, then.
Unknown command.
Aiming: Sting (safe; 3% risk of failure)
Press: ? - help, Q - select action, (/) - cycle Shift-Dir - straight line, f/p - ogre
Aim: an ogre, wielding a +0 giant club (lightly wounded, very poisoned, 88% to hit)
The sting misses the ogre.
Unknown command.
Aiming: Sting (safe; 3% risk of failure)
Press: ? - help, Q - select action, (/) - cycle Shift-Dir - straight line, f/p - ogre
Aim: an ogre, wielding a +0 giant club (moderately wounded, poisoned, 88% to hit)
The sting hits the ogre.
The ogre looks even sicker.
The ogre is moderately wounded.
Aiming: Sting (safe; 3% risk of failure)
Press: ? - help, Q - select action, (/) - cycle Shift-Dir - straight line, p - ogre
Okay, then.
The ogre attacks as you move away! The ogre misses you.
The ogre attacks as you move away! The ogre hits you with a +0 giant club!
Ouch! That really hurt!
There is an open door here.
Aiming: Sting (safe; 3% risk of failure)
Press: ? - help, Q - select action, (/) - cycle Shift-Dir - straight line, f/p - ogre
Aim: an ogre, wielding a +0 giant club (heavily wounded, poisoned, 88% to hit)
The sting hits the ogre.
The ogre looks even sicker.
The ogre is severely wounded.
The ogre attacks as you move away! The ogre barely misses you.
The ogre attacks as you move away! The ogre hits you with a +0 giant club!
Ouch! That really hurt!
You die...

.#.# #.##.# ..#.#
#.##.# ...#.##.##.#
....#.#.##.#######
.......#..##.##....#
........#.##.##....#
>............##....#
..............O....#
###############@...#
#.......# #.##....#
# #<#.#.# #รท#.#...
#...#.### #####.#


You could see an ogre (very poisoned).

Vanquished Creatures
  A gnoll (D:1)
  An adder (D:2)
  2 worms (D:2)
  A dart slug (D:3)
  2 orcs (D:3)
  3 bats
  7 endoplasms
  3 giant cockroaches
  2 goblins (D:1)
  5 hobgoblins
  4 jackals (D:2)
  7 kobolds
  4 quokkas
  5 ball pythons
  6 rats
53 creatures vanquished.

Notes
Turn   | Place    | Note
-------+----------+-------------------------------------------
     0 | D:1      | bwicke the Octopode Venom Mage began the quest for the Orb.
     0 | D:1      | Reached XP level 1. HP: 11/11 MP: 3/3
   102 | D:1      | Reached skill level 4 in Poison Magic
   109 | D:1      | Reached XP level 2. HP: 17/17 MP: 1/5
   378 | D:1      | Reached skill level 5 in Poison Magic
   378 | D:1      | Reached XP level 3. HP: 10/21 MP: 3/6
  1053 | D:1      | Learned a level 2 spell: Poisonous Vapours
  1775 | D:2      | Reached XP level 4. HP: 27/27 MP: 1/7
  2142 | D:2      | Learned a level 3 spell: Ignite Poison
  2320 | D:3      | Found a white marble altar of Elyvilon.
  2360 | D:3      | Reached skill level 6 in Poison Magic
  2659 | D:3      | Found Pyreorgh's Jewellery Shoppe.
  2882 | D:5      | Entered Level 5 of the Dungeon
  3102 | D:5      | Noticed an ogre
  3124 | D:5      | Slain by an ogre

Illustrated notes

Levels and vault maps discovered:
D:1:      dpeg_arrival_connections, layout_basic, kennysheep_small_spiral,
          interstate_on_off, minmay_misc_feat_four_crosses
D:2:      layout_basic
D:3:      layout_rooms, mainiacjoe_overflow_brackets, serial_rivers,
          chequers_serial_rivers_micro_c, chequers_serial_rivers_micro_c,
          chequers_serial_rivers_small_b, chequers_serial_rivers_micro_e,
          chequers_serial_rivers_room_a, serial_shops, shop_statue
D:4:      layout_basic, kennysheep_small_square
D:5:      wad_pebble_path, layout_basic, serial_curves, eino_curves_01,
          eino_curves_01, eino_curves_03, eino_curves_02

Skill      XL: |  1  2  3  4 |
---------------+-------------+-----
Poison Magic   | 4 5 6 |  6.2
Dodging        | |  2.0
Stealth        | |  2.6
Spellcasting   | |  2.0
Transmutations | |  1.0

Action                   |  1- 3 |  4- 6 || total
-------------------------+-------+-------++-------
Melee: Spear             |    46 |    34 ||    80
       Unarmed           |     3 |       ||     3
       Tentacles         |     8 |     7 ||    15
       Constrict         |    11 |     8 ||    19
       Punch             |     1 |       ||     1
 Cast: Sting             |    26 |    19 ||    45
       Poisonous Vapours |     4 |     3 ||     7
  Use: Scroll            |       |     4 ||     4
 Stab: Sleeping          |     3 |     2 ||     5
       Distracted        |     1 |       ||     1
Armor: Skin              |     4 |     2 ||     6
Dodge: Dodged            |    28 |    14 ||    42

Table legend: (Time is in decaauts)
 A = Elapsed time spent in this place.
 B = Non-inter-level travel time spent in this place.
 C = Inter-level travel time spent in this place.
 D = Time resting spent in this place.
 E = Time spent auto-exploring this place.
 F = Levels seen in this place.
 G = Mean time per level.
                   A        B        C        D        E       F      G
               +--------+--------+--------+--------+--------+-----+--------+
         Total |   3130 |   3077 |     53 |    234 |   2153 |   5 |  626.0 |
       Dungeon |   3130 |   3077 |     53 |    234 |   2153 |   5 |  626.0 |
               +--------+--------+--------+--------+--------+-----+--------+

Top non-repeatable levels by time:
     D:1: 1082 daAuts
     D:2: 1075 daAuts
     D:3: 716 daAuts
     D:5: 241 daAuts
     D:4: 14 daAuts
